 Dungeon Crawl Stone Soup version 0.31-a0-239-g0a1456f148 (webtiles) character file.

Game seed: 12353569113734002248

220838 qw the Warrior (level 19, -11/136 HPs)
             Began as a Gargoyle Hexslinger on July 11, 2023.
             Was a High Priest of Okawaru.
             Mangled by an ironbound convoker
             ... wielding a +0 morningstar
              (16 damage)
             ... in the Desolation of Salt.
             The game lasted 00:17:40 (27777 turns).

qw the Warrior (Gargoyle Hexslinger)               Turns: 27777, Time: 00:17:41

Health: -11/136    AC: 36    Str: 10    XL:     19   Next: 18%
Magic:  26/26      EV: 27    Int: 15    God:    Okawaru [*****.]
Gold:   1618       SH:  0    Dex: 24    Spells: 19/20 levels left

rFire   + + .        m - +7 orcbow "Putefita" {speed, Fragile rF++}
rCold   + . .        (shield currently unavailable)
rNeg    + + .        j - +0 troll leather armour
rPois   inf          z - +1 helmet
rElec   +            b - +0 cloak of the Swamp {rElec Regen+ Str-3}
rCorr   .            q - +2 pair of gloves
SInv    +            h - +1 pair of boots
Will    +....        B - amulet of faith
Stlth   +++          C - ring "Teraethro" {rC+ rN+ AC+4 SInv}
HPRegen 2.02/turn    e - +6 ring of dexterity
MPRegen 0.20/turn

%: faith
@: heroic, flying, slowed, very slow
A: sickness immunity, AC +14, big wings, negative energy resistance 1,
electricity resistance, torment resistance 1, petrification resistance
}: 1/15 runes: serpentine
a: Renounce Religion, Heroism, Finesse, Duel


You were in the Desolation of Salt.
You worshipped Okawaru.
Okawaru was extremely pleased with you.
You visited 7 branches of the dungeon, and saw 31 of its levels.
You visited the Abyss 2 times.
You also visited: Ossuary and Desolation.

You collected 3792 gold pieces.
You spent 2174 gold pieces at shops.


Innate Abilities, Weirdness & Mutations

You are immune to sickness and miasma.
Your stone body is resilient. (AC +14)
You are immune to poison.
Your large and strong wings let you fly.
You resist negative energy. (rN+)
You are resistant to electric shocks. (rElec)
You are resistant to unholy torment.
You are immune to petrification.


   Skills:
 + Level 20.8(25.8) Fighting
 - Level 20.0(25.0) Ranged Weapons
 - Level 12.0(17.0) Armour
 - Level 13.0(18.0) Dodging
 - Level 1.0 Spellcasting
 - Level 2.6 Hexes
 - Level 10.0 Invocations


You had 19 spell levels left.
You knew the following spells:

 Your Spells              Type           Power      Damage    Failure   Level
a - Slow                  Hex            32%        N/A       10%         1

Your spell library contained the following spells:

 Spells                   Type           Power      Damage    Failure   Level
 Inner Flame              Hex/Fire       4%         N/A       45%         3
 Portal Projectile        Hex/Tloc       8%         N/A       45%         3
 Cause Fear               Hex            4%         N/A       67%         4

Inventory:

Hand Weapons
 d - a +6 longbow of flaming
 m - the +7 orcbow "Putefita" (weapon) {speed, Fragile rF++}
   (You found it on level 2 of the Swamp)

   rF:        It greatly protects you from fire.
   Fragile:   It will be destroyed if unequipped.
Armour
 b - the +0 cloak of the Swamp (worn) {rElec Regen+ Str-3}
   (Okawaru gifted it to you on level 4 of the Snake Pit)

   Str:       It affects your strength (-3).
   rElec:     It insulates you from electricity.
   Regen:     It increases your rate of health regeneration.
 h - a +1 pair of boots (worn)
 j - a +0 troll leather armour (worn)
 o - a +2 robe of fire resistance
 q - a +2 pair of gloves (worn)
 t - a scarf of resistance
 z - a +1 helmet (worn)
Jewellery
 e - a +6 ring of dexterity (right hand)
 n - the amulet of the Briny Deep {Spirit Fragile rC+ Regen+ Int+5}
   (You found it on level 7 of the Dungeon)

   [amulet of guardian spirit]

   It causes incoming damage to be divided between your reserves of health and
   magic.
   Int:       It affects your intelligence (+5).
   rC:        It protects you from cold.
   Regen:     It increases your rate of health regeneration.
   Fragile:   It will be destroyed if unequipped.
 r - a ring of protection from fire
 u - an amulet of reflection
 B - an amulet of faith (around neck)
 C - the ring "Teraethro" (left hand) {rC+ rN+ AC+4 SInv}
   (You bought it in a shop on level 4 of the Snake Pit)

   [ring of protection]

   AC:        It affects your AC (+4).
   rC:        It protects you from cold.
   rN:        It protects you from negative energy.
   SInv:      It lets you see invisible.
Wands
 x - a wand of digging (31)
Scrolls
 c - 18 scrolls of identify
Potions
 a - 5 potions of haste
 f - 3 potions of might
 g - a potion of cancellation
 i - 2 potions of magic
 k - a potion of enlightenment
 l - 13 potions of curing
 p - 4 potions of mutation

Dungeon Overview and Level Annotations

Branches:
Dungeon (15/15)            Temple (1/1) D:6            Lair (5/5) D:9
  Swamp (3/4) Lair:3        Snake (4/4) Lair:3        Slime (0/5) Lair:5
    Orc (2/2) D:12            Elf (0/3) Orc:2        Vaults (1/5) D:13
 Depths (0/4) D:15        Ossuary (visited)         Desolation (1/1)

Altars:
Ashenzari
Cheibriados
Dithmenos
Elyvilon
Fedhas
Gozag
Hepliaklqana
Kikubaaqudgha
Makhleb
Nemelex Xobeh
Okawaru
Qazlal
Ru
Sif Muna
Trog
Uskayaw
Vehumet
Wu Jian
Xom
Yredelemnul
Zin
The Shining One
Jiyva

Shops:
D:1 [   D:2 =   D:7 :   Orc:2 [[[[:   Snake:1 *   Snake:3 *   Snake:4 :=:

Portals:
Trove: D:12 (show abyssal rune of Zot)

Annotations:
D:9 2 transporters
Lair:5 1 runed translucent door
Swamp:3 1 runed translucent door, qw's ghost, adept MiHs


Message History

You shoot an arrow. The arrow hits the ragged hierophant!!
You kill the ragged hierophant!
Okawaru accepts your kill.
The guardian serpent completely misses you.
The saltling closely misses you.
The ironbound convoker barely misses you.
The ironbound convoker casts a spell at the saltling.
The saltling seems to grow stronger.
The saltling barely misses you.
The servant of whispers completely misses you.
The saltling closely misses you.
You shoot an arrow. The arrow barely misses the saltling.
The arrow hits the saltling!
The saltling is moderately damaged.
The guardian serpent coils itself and waves its upper body at you.
You feel as though you will be slow longer.
The saltling closely misses you. The saltling barely misses you.
You shoot an arrow. The arrow hits the saltling!!
You destroy the saltling!
Okawaru accepts your kill.
The saltling hits you but does no damage.
The saltling completely misses you.
The servant of whispers hits you but does no damage.
The ironbound convoker barely misses you.
The guardian serpent hits you but does no damage.
You shoot an arrow. The arrow hits the ironbound convoker!!
The ironbound convoker is heavily wounded.
The saltling hits you but does no damage.
The saltling closely misses you. The saltling hits you!
The guardian serpent hits you!! The ironbound convoker misses you. x2
The servant of whispers completely misses you.
You shoot an arrow. The arrow hits the ironbound convoker!!
You kill the ironbound convoker!
Okawaru accepts your kill.
The air resumes its normal movements.
The guardian serpent closely misses you.
The saltling closely misses you. The saltling completely misses you.
The saltling hits you but does no damage.
The servant of whispers barely misses you.
The ironbound convoker hits you with a +0 morningstar!
You die...

...................
....#..................
...............\.......
.......................
...............\.......
.........##............
..........#............
......S9)..............
.....a.@)..............
......9p9..............
.......9...............
.......................
......................
.....................
......#.............
####..#..........


You could see a servant of whispers, an ironbound convoker, a guardian serpent
(strong) and 4 saltlings.

Vanquished Creatures
  Vashnia (Snake:4)
  A bone dragon (Abyss:2)
  A tentacled starspawn (Abyss:2)
  5 thorn hunters (Swamp:2)
  7 nagarajas
  A vault warden (Vaults:1)
  An imperial myrmidon (Desolation)
  An ironbound preserver (Vaults:1)
  An ironbound thunderhulk (Vaults:1)
  4 eleionomae
  2 bunyips
  A dire elephant (Vaults:1)
  Snorg (Lair:4)
  2 ragged hierophants (Desolation)
  4 shambling mangroves
  A great orb of eyes (D:15)
  An ettin (D:13)
  A rakshasa (D:15)
  An ice dragon (D:11)
  3 peacekeepers
  7 hydras
  2 ironbound frosthearts (Vaults:1)
  4 salamander tyrants
  4 centaur warriors
  A spriggan air mage (Swamp:3)
  An ogre mage (Orc:1)
  2 catoblepae
  A death knight (D:15)
  4 alligators
  4 boulder beetles
  3 two-headed ogres
  Erica (D:10)
  11 anacondas
  22 naga warriors
  6 death yaks (Lair:3)
  2 thrashing horrors (Abyss:2)
  4 orc high priests (Orc:2)
  7 shock serpents
  28 naga sharpshooters
  A sun demon (Abyss:2)
  A soul eater (Abyss:2)
  10 salamander mystics
  A wretched star (Abyss:2)
  2 goliath frogs (Swamp:1)
  4 deep trolls (Vaults:1)
  A skeletal warrior (D:15)
  An iron troll (D:13)
  2 large abominations (Abyss:2)
  3 spriggan druids
  2 lindwurms
  12 naga ritualists
  2 wizards (Vaults:1)
  2 bog bodies
  2 swamp dragons
  An orc knight (Orc:1)
  2 ironbound convokers (Desolation)
  A deep elf pyromancer (D:14)
  12 mana vipers
  18 salamanders
  5 cyclopes
  3 will-o-the-wisps
  3 orc sorcerers
  3 oklob plants
  2 manticores
  18 ugly things
  14 elephants
  24 black mambas
  9 guardian serpents
  A faun (shapeshifter) (D:15)
  20 naga magi
  A gargoyle (D:12)
  A vault sentinel (Vaults:1)
  A worldbinder (Abyss:2)
  5 smoke demons (Abyss:2)
  3 unseen horror zombies (D:9)
  An efreet (D:15)
  A torpor snail (Lair:5)
  10 cane toads
  A tengu conjurer (D:13)
  10 komodo dragons
  5 yaktaurs (Vaults:1)
  2 rime drakes
  A komodo dragon (shapeshifter) (D:15)
  2 ancient zymes (Abyss:2)
  3 freezing wraiths
  3 meliai (D:13)
  7 trolls
  5 tyrant leeches
  9 polar bears
  A hellwing (Abyss:2)
  13 hornets
  12 blink frogs
  9 saltlings
  7 raiju (Abyss:2)
  2 dream sheep (Lair:5)
  14 slime creatures
  3 centaur simulacra
  A ynoxinul (Abyss:2)
  29 yaks
  4 wyverns
  22 spriggans
  2 wraiths
  6 basilisks
  3 fire bats (Abyss:2)
  4 vampire mosquitoes (D:14)
  A warg (Orc:2)
  67 nagas
  20 water moccasins
  5 acid dragons
  11 swamp worms
  A sky beast (D:8)
  3 ice beasts
  19 orc warriors
  6 black bears
  10 ogres
  39 wolves
  5 boggarts (Lair:5)
  7 centaurs
  A kobold brigand (D:6)
  Blork the orc (D:4)
  3 gnoll sergeants
  12 bullfrogs
  A necrophage (D:9)
  3 scorpions
  17 wights
  9 killer bees
  7 howler monkeys
  5 electric eels
  6 centaur zombies
  2 human zombies
  25 orc priests
  2 starcursed masses (Vaults:1)
  3 hounds
  3 iguanas
  25 orc wizards
  2 ogre zombies (Ossuary)
  3 small abominations (Abyss:2)
  9 mummies
  19 gnolls
  13 adders
  2 shadow imps
  2 white imps
  3 ufetubi
  4 adder zombies (Ossuary)
  2 worms
  A dart slug (D:2)
  67 orcs
  4 ball pythons
  8 bats
  6 endoplasms
  2 giant cockroaches (D:2)
  7 goblins
  15 hobgoblins
  3 quokkas
  2 frilled lizards (D:2)
  4 goblin zombies (Ossuary)
  5 hobgoblin zombies (Ossuary)
  5 kobolds
  4 kobold zombies (Ossuary)
  3 quokka zombies (Ossuary)
  5 rats
  4 rat zombies (Ossuary)
  A butterfly (Lair:4)
  2 starspawn tentacles (Abyss:2)
1065 creatures vanquished.

Vanquished Creatures (others)
  An ufetubus (D:11)
  18 foxfires
19 creatures vanquished.

Grand Total: 1084 creatures vanquished

Notes
Turn   | Place    | Note
-------+----------+-------------------------------------------
     0 | D:1      | qw the Gargoyle Hexslinger began the quest for the Orb.
     0 | D:1      | Reached XP level 1. HP: 12/12 MP: 2/2
     0 | D:1      | 0 ||| qw: Version: 0.3-a-52-g30416fa
     0 | D:1      | 0 ||| qw: Game counter: 5966
     0 | D:1      | 0 ||| qw: Melee chars always use a shield: true
     0 | D:1      | 0 ||| qw: God list: Okawaru
     0 | D:1      | 0 ||| qw: Allow faded altars: false
     0 | D:1      | 0 ||| qw: Do Orc after clearing Dungeon:15 true
     0 | D:1      | 0 ||| qw: Do second Lair branch before Depths: true
     0 | D:1      | 0 ||| qw: Lair rune preference: random
     0 | D:1      | 0 ||| qw: Goals: Normal
     0 | D:1      | 0 ||| PLANNING D:1-11
   145 | D:1      | Found a faded altar of an unknown god.
   235 | D:1      | Reached XP level 2. HP: 16/16 MP: 3/3
   431 | D:1      | Found Lisanien's Antique Armour Emporium.
   434 | D:1      | Reached skill level 3 in Ranged Weapons
   440 | D:1      | 440 ||| SHOPLISTING pair of gloves (90 gold, have 53).
   440 | D:1      | 440 ||| SHOPLISTING pair of glowing gloves (150 gold, have
                  | 53).
   744 | D:1      | 744 ||| UPGRADING to +3 leather armour.
   754 | D:1      | 754 ||| DROPPING +0 robe.
   755 | D:1      | 755 ||| UPGRADING to +6 ring of dexterity.
   756 | D:1      | 756 ||| UPGRADING to ring of protection from fire.
   757 | D:1      | 757 ||| READING 2 scrolls labelled GAMOCH FAMO GAGRE.
   758 | D:1      | 758 ||| READING scroll labelled BICKINO SUAFF.
   759 | D:1      | 759 ||| READING scroll labelled ROJECE ATAW.
   760 | D:1      | 760 ||| DROPPING scroll of immolation.
   761 | D:1      | 761 ||| DROPPING scroll of poison.
   866 | D:2      | Reached XP level 3. HP: 21/21 MP: 4/4
  1126 | D:2      | 1126 ||| FLEEEEING.
  1139 | D:2      | Reached XP level 4. HP: 19/26 MP: 5/5
  1252 | D:2      | Found Teweuqoc's Jewellery Emporium.
  1261 | D:2      | 1261 ||| SHOPLISTING +6 ring of strength (432 gold, have
                  | 132).
  1261 | D:2      | 1261 ||| SHOPLISTING Hermit's Pendant {Faith Invo=14 Evo=0
                  | MP+5} (690 gold, have 132).
  1261 | D:2      | 1261 ||| SHOPLISTING ring of protection from cold (300
                  | gold, have 132).
  1261 | D:2      | 1261 ||| SHOPLISTING ring of resist corrosion (240 gold,
                  | have 132).
  1409 | D:2      | 1409 ||| UPGRADING to +0 pair of boots.
  1414 | D:2      | 1414 ||| UPGRADING to +0 cloak.
  1419 | D:2      | 1419 ||| READING scroll labelled BAITITT HOAN.
  1420 | D:2      | 1420 ||| READING scroll labelled MIUFRIRAOJI.
  1421 | D:2      | 1421 ||| READING scroll labelled ESYMOLA NUTI.
  1422 | D:2      | 1422 ||| DRINKING 2 white potions.
  1593 | D:3      | Reached XP level 5. HP: 30/30 MP: 6/6
  2174 | D:3      | Reached skill level 3 in Fighting
  2236 | D:3      | Found a hazy altar of Hepliaklqana.
  2248 | D:3      | Reached skill level 1 in Armour
  2251 | D:3      | Found a sacrificial altar of Ru.
  2302 | D:3      | 2302 ||| READING scroll labelled NALOOSAIMN.
  2354 | D:4      | 2354 ||| PLANNING OSSUARY
  2374 | D:4      | Reached XP level 6. HP: 31/37 MP: 7/7
  2470 | D:4      | Identified the +7 mace of the Coin {antimagic, Fragile
                  | rCorr SInv}
  2482 | D:4      | HP: 9/37 [centaur/arrow (8)]
  2483 | D:4      | 2483 ||| DRINKING potion of heal wounds.
  2485 | D:4      | Reached skill level 6 in Ranged Weapons
  2539 | D:4      | 2539 ||| SWAPPING to +2 orcbow of freezing.
  2540 | D:4      | 2540 ||| DROPPING +1 sling.
  2716 | D:4      | Reached XP level 7. HP: 41/41 MP: 8/8
  2769 | D:4      | Noticed Blork the orc
  2774 | D:4      | Killed Blork the orc
  2948 | D:4      | Found a sand-covered staircase.
  2949 | D:4      | 2949 ||| DRINKING 2 fuming inky potions.
  2950 | D:4      | 2950 ||| DROPPING potion of degeneration.
  2954 | Ossuary  | Entered an ossuary
  3354 | Ossuary  | 3354 ||| READING 2 scrolls labelled XIOKHL RUMU.
  3355 | Ossuary  | 3355 ||| DRINKING 2 purple potions.
  3356 | Ossuary  | 3356 ||| DRINKING 4 emerald potions.
  3357 | Ossuary  | 3357 ||| DRINKING 2 red potions.
  3358 | Ossuary  | 3358 ||| READING 5 scrolls of identify.
  3358 | Ossuary  | 3358 ||| IDENTIFYING amethyst potion
  3359 | Ossuary  | 3359 ||| READING 4 scrolls of identify.
  3359 | Ossuary  | 3359 ||| IDENTIFYING viscous dark potion
  3360 | Ossuary  | 3360 ||| READING 3 scrolls of identify.
  3360 | Ossuary  | 3360 ||| IDENTIFYING smoky coppery potion
  3361 | Ossuary  | 3361 ||| DROPPING 3 potions of attraction.
  3362 | Ossuary  | 3362 ||| DROPPING scroll of fog.
  3363 | Ossuary  | 3363 ||| DROPPING potion of brilliance.
  3364 | Ossuary  | 3364 ||| DROPPING potion of magic.
  3384 | D:4      | 3384 ||| PLANNING D:1-11
  3456 | D:5      | Entered Level 5 of the Dungeon
  3475 | D:5      | 3475 ||| Stepping ~*~*~tactically~*~*~ (outnumbered).
  3477 | D:5      | Reached XP level 8. HP: 48/48 MP: 9/9
  3641 | D:5      | 3641 ||| Stepping ~*~*~tactically~*~*~ (outnumbered).
  4062 | D:5      | Found a radiant altar of Vehumet.
  4071 | D:5      | Reached skill level 9 in Ranged Weapons
  4133 | D:5      | Found a sparkling altar of Nemelex Xobeh.
  4133 | D:5      | Found a broken altar of Ashenzari.
  4163 | D:5      | 4163 ||| READING scroll labelled FESULA ZELARCH.
  4164 | D:5      | 4164 ||| READING 2 scrolls labelled ZIQ FUAFER.
  4164 | D:5      | Identified 2 scrolls of acquirement
  4164 | D:5      | 4164 ||| ACQUIRING +2 hand crossbow of freezing
  4164 | D:5      | Acquired a +2 hand crossbow of freezing
  4166 | D:5      | 4166 ||| SWAPPING to +2 hand crossbow of freezing.
  4167 | D:5      | 4167 ||| DROPPING +2 orcbow of freezing.
  4168 | D:5      | 4168 ||| READING scroll of acquirement.
  4168 | D:5      | 4168 ||| ACQUIRING +3 arbalest of freezing
  4168 | D:5      | Acquired a +3 arbalest of freezing
  4170 | D:5      | 4170 ||| SWAPPING to +3 arbalest of freezing.
  4171 | D:5      | 4171 ||| DROPPING +2 hand crossbow of freezing.
  4172 | D:5      | 4172 ||| READING scroll labelled USECHE BUIRY.
  4525 | D:6      | Reached skill level 3 in Dodging
  4533 | D:6      | Reached skill level 6 in Fighting
  4566 | D:6      | Found a glowing silver altar of Zin.
  4595 | D:6      | 4595 ||| READING scroll of enchant armour.
  4595 | D:6      | 4595 ||| ENCHANTING +0 pair of boots.
  4671 | D:6      | Found a staircase to the Ecumenical Temple.
  4672 | D:6      | 4672 ||| PLANNING TEMPLE
  4680 | Temple   | Entered the Ecumenical Temple
  4681 | Temple   | 4681 ||| PLANNING OKAWARU WORSHIP
  4796 | Temple   | Became a worshipper of Warmaster Okawaru
  4797 | Temple   | 4797 ||| PLANNING D:1-11
  4884 | D:6      | Reached XP level 9. HP: 55/55 MP: 10/10
  5027 | D:6      | 5027 ||| UPGRADING to amulet of regeneration.
  5166 | D:7      | Identified the amulet of the Briny Deep {Spirit Fragile rC+
                  | Regen+ Int+5}
  5378 | D:7      | Reached * piety under Okawaru
  5417 | D:7      | Found a stormy altar of Qazlal.
  5461 | D:7      | Reached skill level 1 in Invocations
  5682 | D:7      | Found Tutut's Book Emporium.
  5686 | D:7      | 5686 ||| DROPPING +0 robe of cold resistance.
  5687 | D:7      | 5687 ||| READING scroll labelled EHUCYPHO KINT.
  5698 | D:7      | 5698 ||| READING 3 scrolls of identify.
  5698 | D:7      | 5698 ||| IDENTIFYING glowing grey potion
  5699 | D:7      | 5699 ||| DROPPING potion of invisibility.
  5812 | D:8      | 5812 ||| INVOKING Heroism.
  5822 | D:8      | Reached skill level 3 in Invocations
  5933 | D:8      | 5933 ||| Stepping ~*~*~tactically~*~*~ (outnumbered).
  5935 | D:8      | 5935 ||| Stepping ~*~*~tactically~*~*~ (outnumbered).
  5939 | D:8      | 5939 ||| INVOKING Heroism.
  6128 | D:8      | 6128 ||| INVOKING Heroism.
  6134 | D:8      | Reached XP level 10. HP: 23/63 MP: 10/13
  6160 | D:8      | 6160 ||| FLEEEEING.
  6167 | D:8      | 6167 ||| STAIRDANCE
  6177 | D:7      | 6177 ||| DROPPING +6 ring of intelligence.
  6774 | D:9      | 6774 ||| INVOKING Heroism.
  6855 | D:9      | 6855 ||| READING scroll of enchant weapon.
  6855 | D:9      | 6855 ||| ENCHANTING +4 arbalest of freezing.
  6865 | D:9      | Noticed a wizard
  6867 | D:9      | Found a transporter.
  6867 | D:9      | Noticed a five-headed hydra
  6868 | D:9      | Noticed an orange crystal statue
  6868 | D:9      | Noticed a centaur warrior
  6869 | D:9      | Noticed a glowing orange brain
  6877 | D:9      | Found a transporter.
  6879 | D:9      | 6879 ||| READING 4 scrolls of identify.
  6879 | D:9      | 6879 ||| IDENTIFYING pink potion
  6880 | D:9      | 6880 ||| DROPPING potion of ambrosia.
  6900 | D:9      | Reached ** piety under Okawaru
  6922 | D:9      | 6922 ||| INVOKING Heroism.
  7045 | D:9      | Identified the +1 scale mail of Lyereme {Slay+2}
  7059 | D:9      | 7059 ||| SWAPPING to +0 longbow.
  7067 | D:9      | 7067 ||| DROPPING +5 arbalest of freezing.
  7100 | D:9      | Reached skill level 12 in Ranged Weapons
  7288 | D:9      | 7288 ||| INVOKING Heroism.
  7326 | D:9      | Reached *** piety under Okawaru
  7334 | D:9      | Found an ancient bone altar of Kikubaaqudgha.
  7644 | D:9      | Reached XP level 11. HP: 69/69 MP: 14/14
  7659 | D:9      | 7659 ||| INVOKING Heroism.
  7699 | D:9      | 7699 ||| INVOKING Heroism.
  7701 | D:9      | Reached skill level 9 in Fighting
  7715 | D:9      | Reached **** piety under Okawaru
  7788 | D:9      | Found a staircase to the Lair.
  7840 | D:9      | 7840 ||| PLANNING LAIR
  7840 | D:9      | 7840 ||| UPGRADING to +0 pair of gloves.
  7845 | D:9      | 7845 ||| UPGRADING to +0 helmet.
  7873 | Lair:1   | Entered Level 1 of the Lair of Beasts
  7969 | Lair:1   | Reached skill level 3 in Armour
  8563 | Lair:1   | 8563 ||| UPGRADING to scarf of resistance.
  8573 | Lair:1   | 8573 ||| UPGRADING to ring of willpower.
  8644 | Lair:2   | 8644 ||| INVOKING Heroism.
  8680 | Lair:2   | 8680 ||| INVOKING Heroism.
  8687 | Lair:2   | Reached skill level 6 in Invocations
  8775 | Lair:2   | 8775 ||| INVOKING Heroism.
  8797 | Lair:2   | 8797 ||| INVOKING Heroism.
  8844 | Lair:2   | 8844 ||| INVOKING Heroism.
  8876 | Lair:2   | 8876 ||| INVOKING Heroism.
  8931 | Lair:2   | 8931 ||| INVOKING Heroism.
  8964 | Lair:2   | 8964 ||| INVOKING Heroism.
  9136 | Lair:2   | 9136 ||| INVOKING Heroism.
  9141 | Lair:2   | Reached XP level 12. HP: 76/76 MP: 14/17
  9803 | Lair:3   | 9803 ||| FLEEEEING.
  9804 | Lair:3   | 9804 ||| FLEEEEING.
  9805 | Lair:3   | 9805 ||| FLEEEEING.
  9806 | Lair:3   | 9806 ||| FLEEEEING.
  9807 | Lair:3   | 9807 ||| FLEEEEING.
  9844 | Lair:3   | 9844 ||| INVOKING Heroism.
  9867 | Lair:3   | Reached skill level 9 in Invocations
  9889 | Lair:3   | 9889 ||| INVOKING Heroism.
  9909 | Lair:3   | Reached ***** piety under Okawaru
  9958 | Lair:3   | 9958 ||| Stepping ~*~*~tactically~*~*~ (outnumbered).
  9960 | Lair:3   | 9960 ||| Stepping ~*~*~tactically~*~*~ (outnumbered).
  9962 | Lair:3   | 9962 ||| Stepping ~*~*~tactically~*~*~ (outnumbered).
  9964 | Lair:3   | 9964 ||| Stepping ~*~*~tactically~*~*~ (outnumbered).
  9966 | Lair:3   | 9966 ||| Stepping ~*~*~tactically~*~*~ (outnumbered).
  9968 | Lair:3   | 9968 ||| Stepping ~*~*~tactically~*~*~ (outnumbered).
  9970 | Lair:3   | 9970 ||| Stepping ~*~*~tactically~*~*~ (outnumbered).
  9973 | Lair:3   | 9973 ||| Stepping ~*~*~tactically~*~*~ (outnumbered).
 10028 | Lair:3   | Found a staircase to the Swamp.
 10032 | Lair:3   | 10032 ||| INVOKING Heroism.
 10156 | Lair:3   | Noticed a death yak
 10156 | Lair:3   | Noticed a death yak
 10156 | Lair:3   | Noticed a death yak
 10156 | Lair:3   | Noticed a death yak
 10157 | Lair:3   | 10157 ||| INVOKING Heroism.
 10157 | Lair:3   | Noticed a death yak
 10158 | Lair:3   | 10158 ||| INVOKING Finesse.
 10160 | Lair:3   | Noticed a death yak
 10173 | Lair:3   | Killed a death yak
 10181 | Lair:3   | Killed a death yak
 10190 | Lair:3   | Killed a death yak
 10191 | Lair:3   | Reached skill level 15 in Ranged Weapons
 10195 | Lair:3   | Killed a death yak
 10200 | Lair:3   | Killed a death yak
 10208 | Lair:3   | HP: 8/77 [death yak (13)]
 10209 | Lair:3   | 10209 ||| READING 4 scrolls of teleportation.
 10210 | Lair:3   | 10210 ||| DRINKING 2 potions of heal wounds.
 10212 | Lair:3   | Killed a death yak
 10327 | Lair:3   | Reached skill level 6 in Dodging
 10521 | Lair:3   | Reached XP level 13. HP: 82/82 MP: 20/20
 10676 | Lair:3   | 10676 ||| INVOKING Heroism.
 10756 | Lair:3   | Found a staircase to the Snake Pit.
 10888 | Lair:4   | 10888 ||| STAIRDANCE
 10901 | Lair:4   | 10901 ||| STAIRDANCE
 10917 | Lair:4   | 10917 ||| READING scroll of enchant weapon.
 10917 | Lair:4   | 10917 ||| ENCHANTING +0 longbow.
 10950 | Lair:4   | Noticed Snorg
 10951 | Lair:4   | 10951 ||| INVOKING Heroism.
 10952 | Lair:4   | 10952 ||| INVOKING Finesse.
 10957 | Lair:4   | Killed Snorg
 11051 | Lair:4   | Identified the +8 orcbow of Eternal Vigilance {elec, Str-4
                  | Int+3 Dex+5} (Okawaru gifted it to you on level 4 of the
                  | Lair of Beasts)
 11051 | Lair:4   | Received a gift from Okawaru
 11053 | Lair:4   | 11053 ||| SWAPPING to +8 orcbow of Eternal Vigilance {elec,
                  | Str-4 Int+3 Dex+5}.
 11054 | Lair:4   | 11054 ||| DROPPING +1 longbow.
 11071 | Lair:4   | 11071 ||| INVOKING Heroism.
 11125 | Lair:4   | 11125 ||| Stepping ~*~*~tactically~*~*~ (water).
 11415 | Lair:4   | 11415 ||| Stepping ~*~*~tactically~*~*~ (water).
 11586 | Lair:4   | 11586 ||| READING 11 scrolls of identify.
 11586 | Lair:4   | 11586 ||| IDENTIFYING fuming blue potion
 11587 | Lair:4   | 11587 ||| DROPPING potion of lignification.
 11599 | Lair:5   | Entered Level 5 of the Lair of Beasts
 11631 | Lair:5   | 11631 ||| INVOKING Heroism.
 11673 | Lair:5   | 11673 ||| INVOKING Heroism.
 11822 | Lair:5   | 11822 ||| INVOKING Heroism.
 11876 | Lair:5   | 11876 ||| INVOKING Heroism.
 12017 | Lair:5   | Found a runed translucent door.
 12019 | Lair:5   | Found a viscous altar of Jiyva.
 12022 | Lair:5   | Noticed an acid blob
 12033 | Lair:5   | Found a staircase to the Slime Pits.
 12033 | Lair:5   | Noticed an acid blob
 12242 | Lair:5   | 12242 ||| INVOKING Heroism.
 12245 | Lair:5   | 12245 ||| INVOKING Finesse.
 12252 | Lair:5   | Received a gift from Okawaru
 12314 | Lair:5   | 12314 ||| SWAPPING to +2 longbow of flaming.
 12315 | Lair:5   | 12315 ||| DROPPING +8 orcbow of Eternal Vigilance {elec,
                  | Str-4 Int+3 Dex+5}.
 12344 | Lair:5   | 12344 ||| INVOKING Heroism.
 12357 | Lair:5   | 12357 ||| INVOKING Finesse.
 12380 | Lair:5   | Gained mutation: Your large and strong wings let you fly.
                  | [Gargoyle growth]
 12380 | Lair:5   | Reached XP level 14. HP: 90/90 MP: 16/21
 12450 | Lair:5   | 12450 ||| INVOKING Heroism.
 12483 | Lair:5   | 12483 ||| INVOKING Finesse.
 12574 | Lair:5   | 12574 ||| INVOKING Heroism.
 12575 | Lair:5   | 12575 ||| INVOKING Finesse.
 12626 | Lair:5   | 12626 ||| INVOKING Heroism.
 12647 | Lair:5   | Identified the +0 plate armour of Napt {Regen+}
 12812 | Lair:5   | 12812 ||| PLANNING D:1-11
 12812 | Lair:5   | 12812 ||| UPGRADING to amulet of reflection.
 12822 | Lair:5   | 12822 ||| DROPPING amulet of regeneration.
 12823 | Lair:5   | 12823 ||| READING scroll labelled QOTADD COIME.
 12824 | Lair:5   | 12824 ||| READING 2 scrolls labelled KACHUD OMOSE.
 12825 | Lair:5   | 12825 ||| DROPPING scroll of blinking.
 12857 | Lair:5   | 12857 ||| INVOKING Heroism.
 13084 | D:10     | Entered Level 10 of the Dungeon
 13302 | D:10     | Noticed Erica
 13303 | D:10     | 13303 ||| INVOKING Heroism.
 13306 | D:10     | Killed Erica
 14161 | D:10     | 14161 ||| UPGRADING to +0 troll leather armour.
 14171 | D:10     | 14171 ||| DROPPING +3 leather armour.
 14172 | D:10     | 14172 ||| READING 2 scrolls labelled TELIZX GUKKYMA.
 14173 | D:10     | 14173 ||| DROPPING scroll of vulnerability.
 14282 | D:11     | 14282 ||| INVOKING Heroism.
 14511 | D:11     | Received a gift from Okawaru
 14938 | D:11     | Found a frozen archway.
 14942 | D:11     | 14942 ||| INVOKING Heroism.
 14969 | D:11     | Reached skill level 18 in Ranged Weapons
 14993 | D:11     | 14993 ||| PLANNING D
 14993 | D:11     | 14993 ||| READING 12 scrolls of identify.
 14993 | D:11     | 14993 ||| IDENTIFYING orange potion
 15035 | D:12     | Found a portal to a secret trove of treasure.
 15036 | D:12     | 15036 ||| INVOKING Heroism.
 15152 | D:12     | 15152 ||| READING scroll of acquirement.
 15152 | D:12     | 15152 ||| ACQUIRING 862 gold pieces
 15152 | D:12     | Acquired 862 gold pieces
 15198 | D:12     | 15198 ||| Stepping ~*~*~tactically~*~*~ (outnumbered).
 15209 | D:12     | Reached skill level 12 in Fighting
 15250 | D:12     | 15250 ||| INVOKING Heroism.
 15251 | D:12     | 15251 ||| INVOKING Finesse.
 15327 | D:12     | Found a staircase to the Orcish Mines.
 15573 | D:12     | Reached skill level 6 in Armour
 15698 | D:12     | 15698 ||| DRINKING 2 black potions.
 15803 | D:12     | 15803 ||| DROPPING potion of berserk rage.
 15860 | D:13     | 15860 ||| FLEEEEING.
 15864 | D:13     | 15864 ||| FLEEEEING.
 15865 | D:13     | 15865 ||| FLEEEEING.
 15939 | D:13     | 15939 ||| INVOKING Heroism.
 15940 | D:13     | 15940 ||| Stepping ~*~*~tactically~*~*~ (outnumbered).
 16041 | D:13     | 16041 ||| INVOKING Heroism.
 16042 | D:13     | 16042 ||| INVOKING Finesse.
 16107 | D:13     | Found a gate to the Vaults.
 16182 | D:13     | 16182 ||| Stepping ~*~*~tactically~*~*~ (outnumbered).
 16254 | D:13     | 16254 ||| INVOKING Heroism.
 16303 | D:13     | 16303 ||| INVOKING Heroism.
 16519 | D:14     | 16519 ||| READING scroll of enchant armour.
 16519 | D:14     | 16519 ||| ENCHANTING +0 pair of gloves.
 16815 | D:14     | 16815 ||| INVOKING Heroism.
 16817 | D:14     | Reached XP level 15. HP: 55/96 MP: 19/22
 17132 | D:14     | Found a shimmering blue altar of Sif Muna.
 17134 | D:14     | 17134 ||| DROPPING ring of resist corrosion.
 17135 | D:14     | 17135 ||| DROPPING ring of fire.
 17160 | D:15     | Entered Level 15 of the Dungeon
 17163 | D:15     | 17163 ||| STAIRDANCE
 17182 | D:15     | 17182 ||| STAIRDANCE
 17210 | D:15     | 17210 ||| Stepping ~*~*~tactically~*~*~ (outnumbered).
 17268 | D:15     | 17268 ||| INVOKING Heroism.
 17270 | D:15     | 17270 ||| READING 8 scrolls of teleportation.
 17438 | D:15     | 17438 ||| INVOKING Heroism.
 17581 | D:15     | 17581 ||| INVOKING Heroism.
 17676 | D:15     | 17676 ||| INVOKING Heroism.
 17757 | D:15     | 17757 ||| INVOKING Heroism.
 17766 | D:15     | Reached skill level 9 in Dodging
 17976 | D:15     | 17976 ||| READING scroll of enchant armour.
 17976 | D:15     | 17976 ||| ENCHANTING +1 pair of gloves.
 18047 | D:15     | 18047 ||| READING 7 scrolls of teleportation.
 18048 | D:15     | 18048 ||| FLEEEEING.
 18198 | D:15     | Found a staircase to the Depths.
 18206 | D:15     | 18206 ||| PLANNING ORC
 18284 | Orc:1    | Entered Level 1 of the Orcish Mines
 18285 | Orc:1    | 18285 ||| INVOKING Heroism.
 18456 | Orc:2    | Entered Level 2 of the Orcish Mines
 18522 | Orc:1    | 18522 ||| INVOKING Heroism.
 18772 | Orc:2    | 18772 ||| Stepping ~*~*~tactically~*~*~ (outnumbered).
 18773 | Orc:2    | 18773 ||| Stepping ~*~*~tactically~*~*~ (outnumbered).
 18788 | Orc:2    | 18788 ||| Stepping ~*~*~tactically~*~*~ (outnumbered).
 18801 | Orc:2    | 18801 ||| INVOKING Heroism.
 18826 | Orc:2    | Received a gift from Okawaru
 18833 | Orc:2    | HP: 22/98 [orc priest/divine providence (15)]
 18834 | Orc:2    | 18834 ||| READING 6 scrolls of teleportation.
 18835 | Orc:2    | 18835 ||| DRINKING 2 potions of heal wounds.
 18843 | Orc:2    | 18843 ||| INVOKING Heroism.
 18901 | Orc:2    | Found a staircase to the Elven Halls.
 18933 | Orc:2    | 18933 ||| INVOKING Heroism.
 18938 | Orc:2    | 18938 ||| Stepping ~*~*~tactically~*~*~ (outnumbered).
 19128 | Orc:1    | 19128 ||| Stepping ~*~*~tactically~*~*~ (outnumbered).
 19243 | Orc:2    | Found Ciyroisa's Book Emporium.
 19307 | Orc:2    | 19307 ||| INVOKING Heroism.
 19357 | Orc:2    | Found Nureimei's Armour Emporium.
 19357 | Orc:2    | Found Xiaghi's Armour Emporium.
 19358 | Orc:2    | Found Dablod's Antique Armour Shoppe.
 19362 | Orc:2    | Found Muasib's Armour Shoppe.
 19367 | Orc:2    | 19367 ||| BUYING glowing robe (133 gold).
 19367 | Orc:2    | Bought a glowing robe for 133 gold pieces
 19367 | Orc:2    | 19367 ||| BUYING runed ring mail (252 gold).
 19367 | Orc:2    | Bought a runed ring mail for 252 gold pieces
 19511 | Orc:2    | 19511 ||| PLANNING SNAKE:1-3
 19511 | Orc:2    | 19511 ||| DROPPING +1 robe of cold resistance.
 19512 | Orc:2    | 19512 ||| DROPPING +0 ring mail of cold resistance.
 19836 | Snake:1  | Entered Level 1 of the Snake Pit
 19873 | Snake:1  | 19873 ||| Stepping ~*~*~tactically~*~*~ (outnumbered).
 19878 | Snake:1  | 19878 ||| Stepping ~*~*~tactically~*~*~ (outnumbered).
 19880 | Snake:1  | 19880 ||| Stepping ~*~*~tactically~*~*~ (outnumbered).
 19882 | Snake:1  | 19882 ||| Stepping ~*~*~tactically~*~*~ (outnumbered).
 19923 | Snake:1  | 19923 ||| Stepping ~*~*~tactically~*~*~ (outnumbered).
 19927 | Snake:1  | 19927 ||| Stepping ~*~*~tactically~*~*~ (outnumbered).
 19956 | Snake:1  | 19956 ||| FLEEEEING.
 19957 | Snake:1  | 19957 ||| FLEEEEING.
 19968 | Snake:1  | 19968 ||| INVOKING Heroism.
 19998 | Snake:1  | 19998 ||| READING scroll of enchant weapon.
 19998 | Snake:1  | 19998 ||| ENCHANTING +2 longbow of flaming.
 20040 | Snake:1  | Found Poceud's Assorted Antiques.
 20052 | Snake:1  | 20052 ||| BUYING potion of heal wounds (165 gold).
 20052 | Snake:1  | Bought a potion of heal wounds for 165 gold pieces
 20052 | Snake:1  | 20052 ||| BUYING scroll of enchant weapon (247 gold).
 20052 | Snake:1  | Bought a scroll of enchant weapon for 247 gold pieces
 20052 | Snake:1  | 20052 ||| READING scroll of enchant weapon.
 20052 | Snake:1  | 20052 ||| ENCHANTING +3 longbow of flaming.
 20059 | Snake:1  | 20059 ||| Stepping ~*~*~tactically~*~*~ (outnumbered).
 20061 | Snake:1  | 20061 ||| Stepping ~*~*~tactically~*~*~ (outnumbered).
 20124 | Snake:1  | Reached XP level 16. HP: 105/105 MP: 23/23
 20242 | Snake:1  | 20242 ||| INVOKING Heroism.
 20275 | Snake:1  | Received a gift from Okawaru
 20297 | Snake:1  | 20297 ||| INVOKING Heroism.
 20363 | Snake:1  | Reached skill level 15 in Fighting
 20473 | Snake:1  | 20473 ||| Stepping ~*~*~tactically~*~*~ (outnumbered).
 20475 | Snake:1  | 20475 ||| Stepping ~*~*~tactically~*~*~ (outnumbered).
 20477 | Snake:1  | 20477 ||| Stepping ~*~*~tactically~*~*~ (outnumbered).
 20668 | Snake:1  | 20668 ||| INVOKING Heroism.
 20796 | Snake:1  | 20796 ||| INVOKING Heroism.
 20952 | Snake:2  | Noticed a nagaraja
 20953 | Snake:2  | 20953 ||| INVOKING Heroism.
 20961 | Snake:2  | Killed a nagaraja
 20969 | Snake:2  | 20969 ||| Stepping ~*~*~tactically~*~*~ (outnumbered).
 21122 | Snake:2  | Noticed a nagaraja
 21123 | Snake:2  | 21123 ||| Stepping ~*~*~tactically~*~*~ (outnumbered).
 21124 | Snake:2  | Noticed a nagaraja
 21125 | Snake:2  | 21125 ||| Stepping ~*~*~tactically~*~*~ (outnumbered).
 21126 | Snake:2  | 21126 ||| INVOKING Heroism.
 21131 | Snake:2  | 21131 ||| Stepping ~*~*~tactically~*~*~ (outnumbered).
 21132 | Snake:2  | Killed a nagaraja
 21141 | Snake:2  | Killed a nagaraja
 21154 | Snake:2  | 21154 ||| Stepping ~*~*~tactically~*~*~ (outnumbered).
 21286 | Snake:2  | 21286 ||| READING scroll of enchant weapon.
 21286 | Snake:2  | 21286 ||| ENCHANTING +4 longbow of flaming.
 21311 | Snake:2  | 21311 ||| Stepping ~*~*~tactically~*~*~ (outnumbered).
 21313 | Snake:2  | 21313 ||| Stepping ~*~*~tactically~*~*~ (outnumbered).
 21315 | Snake:2  | 21315 ||| Stepping ~*~*~tactically~*~*~ (outnumbered).
 21326 | Snake:2  | 21326 ||| Stepping ~*~*~tactically~*~*~ (outnumbered).
 21328 | Snake:2  | 21328 ||| INVOKING Heroism.
 21351 | Snake:2  | 21351 ||| Stepping ~*~*~tactically~*~*~ (outnumbered).
 21353 | Snake:2  | 21353 ||| Stepping ~*~*~tactically~*~*~ (outnumbered).
 21354 | Snake:2  | 21354 ||| Stepping ~*~*~tactically~*~*~ (outnumbered).
 21397 | Snake:2  | Found an ancient bone altar of Kikubaaqudgha.
 21572 | Snake:2  | Noticed a nagaraja
 21573 | Snake:2  | 21573 ||| INVOKING Heroism.
 21587 | Snake:2  | Killed a nagaraja
 21686 | Snake:2  | 21686 ||| UPGRADING to +1 helmet.
 21696 | Snake:2  | 21696 ||| DROPPING +0 helmet.
 21725 | Snake:3  | 21725 ||| INVOKING Heroism.
 21748 | Snake:3  | 21748 ||| Stepping ~*~*~tactically~*~*~ (outnumbered).
 21750 | Snake:3  | 21750 ||| Stepping ~*~*~tactically~*~*~ (outnumbered).
 21751 | Snake:3  | 21751 ||| Stepping ~*~*~tactically~*~*~ (outnumbered).
 21766 | Snake:3  | Received a gift from Okawaru
 21822 | Snake:3  | 21822 ||| INVOKING Heroism.
 22019 | Snake:3  | 22019 ||| Stepping ~*~*~tactically~*~*~ (outnumbered).
 22022 | Snake:3  | 22022 ||| Stepping ~*~*~tactically~*~*~ (outnumbered).
 22025 | Snake:3  | 22025 ||| Stepping ~*~*~tactically~*~*~ (outnumbered).
 22027 | Snake:3  | 22027 ||| Stepping ~*~*~tactically~*~*~ (outnumbered).
 22030 | Snake:3  | 22030 ||| Stepping ~*~*~tactically~*~*~ (outnumbered).
 22143 | Snake:3  | 22143 ||| Stepping ~*~*~tactically~*~*~ (outnumbered).
 22145 | Snake:3  | 22145 ||| Stepping ~*~*~tactically~*~*~ (outnumbered).
 22303 | Snake:3  | 22303 ||| INVOKING Heroism.
 22308 | Snake:3  | Reached XP level 17. HP: 112/115 MP: 21/24
 22354 | Snake:3  | Reached skill level 9 in Armour
 22576 | Snake:3  | Found Rurhebul's Overcharged Wands.
 22919 | Snake:3  | 22919 ||| PLANNING SWAMP:1-3
 22919 | Snake:3  | 22919 ||| DROPPING +0 cloak.
 22920 | Snake:3  | 22920 ||| READING scroll labelled COAWOT IPPUZ.
 23120 | Swamp:1  | Entered Level 1 of the Swamp
 23121 | Swamp:1  | 23121 ||| INVOKING Heroism.
 23198 | Swamp:1  | 23198 ||| INVOKING Heroism.
 23248 | Swamp:1  | 23248 ||| READING scroll of enchant weapon.
 23248 | Swamp:1  | 23248 ||| ENCHANTING +5 longbow of flaming.
 23399 | Swamp:1  | 23399 ||| INVOKING Heroism.
 23423 | Swamp:1  | 23423 ||| INVOKING Heroism.
 23780 | Swamp:2  | 23780 ||| FLEEEEING.
 23783 | Swamp:2  | 23783 ||| FLEEEEING.
 23784 | Swamp:2  | 23784 ||| FLEEEEING.
 23785 | Swamp:2  | 23785 ||| INVOKING Heroism.
 23869 | Swamp:2  | 23869 ||| INVOKING Heroism.
 24007 | Swamp:2  | 24007 ||| INVOKING Heroism.
 24021 | Swamp:2  | Reached skill level 18 in Fighting
 24086 | Swamp:2  | 24086 ||| INVOKING Heroism.
 24119 | Swamp:2  | Identified the +7 orcbow "Putefita" {speed, Fragile rF++}
 24146 | Swamp:2  | 24146 ||| Stepping ~*~*~tactically~*~*~ (outnumbered).
 24148 | Swamp:2  | 24148 ||| Stepping ~*~*~tactically~*~*~ (outnumbered).
 24151 | Swamp:2  | 24151 ||| INVOKING Heroism.
 24199 | Swamp:2  | 24199 ||| INVOKING Heroism.
 24248 | Swamp:2  | 24248 ||| INVOKING Heroism.
 24486 | Swamp:3  | 24486 ||| INVOKING Heroism.
 24706 | Swamp:3  | 24706 ||| INVOKING Heroism.
 24801 | Swamp:3  | Found a runed translucent door.
 24806 | Swamp:3  | Noticed qw's ghost (adept MiHs)
 24868 | Swamp:3  | 24868 ||| Stepping ~*~*~tactically~*~*~ (outnumbered).
 24870 | Swamp:3  | 24870 ||| Stepping ~*~*~tactically~*~*~ (outnumbered).
 24874 | Swamp:3  | Reached skill level 12 in Dodging
 24992 | Swamp:3  | 24992 ||| PLANNING SNAKE:4
 25122 | Snake:4  | Entered Level 4 of the Snake Pit
 25129 | Snake:4  | 25129 ||| STAIRDANCE
 25130 | Snake:4  | 25130 ||| INVOKING Heroism.
 25138 | Snake:4  | HP: 25/119 [black mamba[a naga ritualist] (7)]
 25139 | Snake:4  | 25139 ||| READING 8 scrolls of teleportation.
 25140 | Snake:4  | 25140 ||| DRINKING 5 potions of heal wounds.
 25142 | Snake:4  | 25142 ||| STAIRDANCE
 25143 | Snake:4  | 25143 ||| DRINKING 4 potions of heal wounds.
 25145 | Snake:4  | HP: 25/119 [salamander/+0 glaive (18)]
 25146 | Snake:4  | 25146 ||| READING 7 scrolls of teleportation.
 25147 | Snake:4  | 25147 ||| DRINKING 3 potions of heal wounds.
 25201 | Snake:4  | 25201 ||| INVOKING Heroism.
 25201 | Snake:4  | HP: 29/120 [naga warrior/+0 trident (7)]
 25202 | Snake:4  | 25202 ||| READING 6 scrolls of teleportation.
 25202 | Snake:4  | HP: 11/120 [salamander/+0 halberd (4)]
 25203 | Snake:4  | 25203 ||| DRINKING 2 potions of heal wounds.
 25210 | Snake:4  | HP: 30/120 [salamander tyrant (7)]
 25211 | Snake:4  | 25211 ||| READING 5 scrolls of teleportation.
 25217 | Snake:4  | HP: 28/120 [salamander/+0 spear (4)]
 25218 | Snake:4  | 25218 ||| READING 4 scrolls of teleportation.
 25219 | Snake:4  | 25219 ||| DRINKING potion of heal wounds.
 25225 | Snake:4  | HP: 27/120 [naga sharpshooter/bolt[Vashnia] (6)]
 25226 | Snake:4  | 25226 ||| READING 3 scrolls of teleportation.
 25242 | Snake:4  | Reached XP level 18. HP: 36/126 MP: 25/25
 25246 | Snake:4  | HP: 26/126 [salamander/+0 halberd (6)]
 25247 | Snake:4  | 25247 ||| READING 2 scrolls of teleportation.
 25251 | Snake:4  | 25251 ||| READING scroll of teleportation.
 25253 | Snake:4  | 25253 ||| INVOKING Heroism.
 25253 | Snake:4  | HP: 26/126 [salamander/+0 halberd (2)]
 25284 | Snake:4  | Identified the +0 cloak of the Swamp {rElec Regen+ Str-3}
                  | (Okawaru gifted it to you on level 4 of the Snake Pit)
 25284 | Snake:4  | Received a gift from Okawaru
 25364 | Snake:4  | 25364 ||| INVOKING Heroism.
 25371 | Snake:4  | Noticed Vashnia
 25405 | Snake:4  | Killed Vashnia
 25552 | Snake:4  | 25552 ||| Stepping ~*~*~tactically~*~*~ (outnumbered).
 25554 | Snake:4  | 25554 ||| Stepping ~*~*~tactically~*~*~ (outnumbered).
 25556 | Snake:4  | 25556 ||| Stepping ~*~*~tactically~*~*~ (outnumbered).
 25567 | Snake:4  | 25567 ||| INVOKING Heroism.
 25574 | Snake:4  | 25574 ||| Stepping ~*~*~tactically~*~*~ (outnumbered).
 25591 | Snake:4  | 25591 ||| Stepping ~*~*~tactically~*~*~ (outnumbered).
 25602 | Snake:4  | 25602 ||| Stepping ~*~*~tactically~*~*~ (outnumbered).
 25778 | Snake:4  | Found Selovaf's Book Shop.
 25779 | Snake:4  | Found Bubb's Jewellery Shoppe.
 25781 | Snake:4  | Found Odorunn's Book Shop.
 25789 | Snake:4  | 25789 ||| BUYING amulet of faith (560 gold).
 25789 | Snake:4  | Bought an amulet of faith for 560 gold pieces
 25789 | Snake:4  | 25789 ||| BUYING ring "Teraethro" {rC+ rN+ AC+4 SInv} (817
                  | gold).
 25789 | Snake:4  | Bought the ring "Teraethro" {rC+ rN+ AC+4 SInv} for 817
                  | gold pieces
 25882 | Snake:4  | 25882 ||| Stepping ~*~*~tactically~*~*~ (outnumbered).
 25943 | Snake:4  | 25943 ||| INVOKING Heroism.
 25972 | Snake:4  | 25972 ||| INVOKING Heroism.
 26030 | Snake:4  | 26030 ||| INVOKING Heroism.
 26040 | Snake:4  | 26040 ||| Stepping ~*~*~tactically~*~*~ (outnumbered).
 26098 | Snake:4  | 26098 ||| INVOKING Heroism.
 26124 | Snake:4  | HP: 26/129 [naga warrior/+0 glaive (19)]
 26131 | Snake:4  | 26131 ||| INVOKING Heroism.
 26258 | Snake:4  | Got a serpentine rune of Zot
 26419 | Snake:4  | 26419 ||| Stepping ~*~*~tactically~*~*~ (outnumbered).
 26433 | Snake:4  | 26433 ||| Stepping ~*~*~tactically~*~*~ (outnumbered).
 26436 | Snake:4  | 26436 ||| Stepping ~*~*~tactically~*~*~ (outnumbered).
 26612 | Snake:4  | 26612 ||| PLANNING VAULTS:1-4
 26612 | Snake:4  | 26612 ||| DROPPING +0 cloak of poison resistance.
 26613 | Snake:4  | 26613 ||| DROPPING scarf of repulsion.
 26614 | Snake:4  | 26614 ||| DROPPING scarf of shadows.
 26615 | Snake:4  | 26615 ||| UPGRADING to amulet of faith.
 26625 | Snake:4  | 26625 ||| DROPPING ring of protection from cold.
 26626 | Snake:4  | 26626 ||| DROPPING +6 ring of strength.
 26627 | Snake:4  | 26627 ||| UPGRADING to ring "Teraethro" {rC+ rN+ AC+4
                  | SInv}.
 26629 | Snake:4  | 26629 ||| UPGRADING to +0 cloak of the Swamp {rElec Regen+
                  | Str-3}.
 26639 | Snake:4  | 26639 ||| SWAPPING to +7 orcbow "Putefita" {speed, Fragile
                  | rF++}.
 26640 | Snake:4  | 26640 ||| UPGRADING to +6 ring of dexterity.
 26642 | Snake:4  | 26642 ||| DROPPING ring of willpower.
 26643 | Snake:4  | 26643 ||| DRINKING 2 sapphire potions.
 27074 | Vaults:1 | Entered Level 1 of the Vaults
 27075 | Vaults:1 | 27075 ||| PLANNING DESOLATION
 27108 | Vaults:1 | 27108 ||| Stepping ~*~*~tactically~*~*~ (outnumbered).
 27125 | Abyss:2  | Cast into level 2 of the Abyss (a wizard)
 27204 | Vaults:1 | Escaped the Abyss
 27223 | Vaults:1 | 27223 ||| INVOKING Heroism.
 27225 | Abyss:2  | Cast into level 2 of the Abyss (a wizard)
 27296 | Abyss:2  | 27296 ||| INVOKING Finesse.
 27365 | Abyss:2  | Noticed a bone dragon
 27397 | Abyss:2  | Killed a bone dragon
 27441 | Abyss:2  | Found a corrupted altar of Lugonu.
 27460 | Abyss:2  | Reached skill level 12 in Armour
 27489 | Abyss:2  | Received a gift from Okawaru
 27496 | Vaults:1 | Escaped the Abyss
 27508 | Vaults:1 | Reached XP level 19. HP: 120/135 MP: 26/26
 27515 | Vaults:1 | 27515 ||| INVOKING Heroism.
 27516 | Vaults:1 | Paralysed by accursed screaming for 1 turns
 27528 | Vaults:1 | 27528 ||| Stepping ~*~*~tactically~*~*~ (outnumbered).
 27549 | Vaults:1 | HP: 21/135 [vault warden/+2 dire flail of protection (20)]
 27612 | Vaults:1 | 27612 ||| DROPPING +1 longbow of electrocution.
 27682 | Vaults:1 | Found a crumbling gateway.
 27695 | Desolati | Entered the Desolation of Salt
 27740 | Desolati | 27740 ||| INVOKING Heroism.
 27768 | Desolati | HP: 34/136 [ragged hierophant/a resonance strike (14)]
 27776 | Desolati | HP: 22/136 [saltling (11)]
 27776 | Desolati | HP: 4/136 [guardian serpent (18)]
 27777 | Desolati | Mangled by an ironbound convoker

Levels and vault maps discovered:
D:1:      spicycebolla_arrival_clurvy, layout_loops_corners, serial_shops, shop,
          ebering_ecumenical_altar_petrified
D:2:      minmay_alternating_diamond, layout_rooms, serial_shops,
          nicolae_shop_tiny_waterfront
D:3:      layout_loops_corners, amethyst_overflow_temple_binary
D:4:      layout_basic, enter_ossuary_5, kennysheep_cross_room,
          uniq_blork_the_orc
D:5:      layout_gridville, vehumet_altar_wand_db,
          gammafunk_temple_overflow_elements
D:6:      layout_cave_pods, zin_treasury, temple_statues
D:7:      layout_loops_ring, mainiacjoe_overflow_tiny_flanked, serial_shops,
          nicolae_shop_back_alley_shop
D:8:      layout_basic
D:9:      gammafunk_sealed_arena, layout_loops_ring,
          lemuel_mausoleum_altar_kikubaaqudgha, erik_lair_dragon,
          grunt_ministairs_7
D:10:     layout_layer_cave, dreamdust_princess_bridge, uniq_erica
D:11:     layout_cave_pods, serial_ice, serial_ice_o, serial_ice_n,
          serial_ice_a, serial_ice_i, portal_ice_cave_entry_animals_and_master
D:12:     layout_long_grid, hiddenorc1_lemuel, enter_trove_2
D:13:     layout_rooms, david_vaults_4
D:14:     layout_irregular_city, chequers_avenue,
          nicolae_sif_muna_little_library
D:15:     gammafunk_enter_depths_forms, layout_irregular_city,
          dk_noncrumbling_4, hex_tiny
Temple:   nicolae_temple_two_arcs
Lair:1:   layout_cave_pods, st_stairs_8, chequers_serial_rivers_micro_b
Lair:2:   layout_cave_pods, nicolae_quartered_pool_super, beast_lair_carwin_5
Lair:3:   layout_cellular_growth, swamp_mist,
          minmay_snake_entry_guardpost_large, grunt_megastairs_4
Lair:4:   layout_hall_layers, chequers_serial_rivers_small_3,
          lemuel_fruit_fields, serial_bayou_shore_a, lemuel_fruit_fields,
          infiniplex_staircase_pool_2, uniq_snorg
Lair:5:   minmay_lair_end_enchanted_forest, layout_regular_city, slime_entry_2
Swamp:1:  layout_basic_swamp, nicolae_swamp_decorative_isthmus
Swamp:2:  nicolae_swamp_phyte_club, layout_basic_swamp, nicolae_swamp_oxbows
Swamp:3:  layout_basic_swamp, ebering_ghost_reflecting_pool,
          nicolae_swamp_ascending_descending
Snake:1:  cheibrodos_snake_lava_hold, layout_basic, serial_shops,
          nicolae_diamond_shop
Snake:2:  layout_layer_cave, basic_altar, chequers_hall_statues_wall_a,
          st_stairs_4, grunt_ministairs_9
Snake:3:  layout_chambers, nicolae_shop_overcharged_wands
Snake:4:  grunt_snake_rune_serpentine_throne, layout_cave_town,
          grunt_megastairs_5, minmay_shop_grove, uniq_vashnia
Orc:1:    layout_caves, mines4_lemuel
Orc:2:    st_orc_mages, layout_caves, serial_shops, shop
Vaults:1: portal_desolation_entry_salt, v_misc_18, ontoclasm_vaults_idyll,
          nicolae_vaults_apartment_2, vaults_room_grunt_arrival_checkpoint,
          vaults_room_grunt_arrival_ludios, hangedman_vaults_trim,
          nicolae_vaults_wrenched, vaults_room_fours, layout_vaults_omnicross
Desolation

Skill      XL: |  1  2  3  4  5  6  7  8  9 10 11 12 13 14 15 16 17 18 |
---------------+-------------------------------------------------------+-----
Ranged Weapons | 3 4 5 6 7 9 11 13 14 15 16 19 20 | 20.0
Fighting       | 2 3 4 6 7 8 9 10 11 12 13 16 18 20 | 20.8
Armour         | 1 2 3 4 5 6 7 8 10 12 | 12.0
Dodging        | 2 3 4 5 6 8 9 11 12 13 | 13.0
Invocations    | 4 7 10 | 10.0
Spellcasting   | |  1.0
Hexes          | |  2.6

Action                     |  1- 3 |  4- 6 |  7- 9 | 10-12 | 13-15 | 16-18 | 19-21 || total
---------------------------+-------+-------+-------+-------+-------+-------+-------++-------
   Fire: Sling             |   113 |   142 |       |       |       |       |       ||   255
         Orcbow            |       |    12 |   206 |       |   172 |   253 |   157 ||   800
         Arbalest          |       |       |   129 |    55 |       |       |       ||   184
         Longbow           |       |       |       |   559 |  1215 |  1295 |       ||  3069
 Invoke: Heroism           |       |       |     3 |    18 |    35 |    35 |     2 ||    93
         Finesse           |       |       |       |     1 |     7 |     1 |       ||     9
    Use: Scroll            |     3 |     4 |    11 |     3 |    14 |    11 |       ||    46
         Potion            |       |     2 |     4 |     1 |     2 |     6 |       ||    15
 Armour: Robe              |     4 |       |       |       |       |       |       ||     4
         Leather armour    |    17 |    35 |    91 |   182 |    31 |       |       ||   356
         Troll leather arm |       |       |       |       |    94 |   260 |    58 ||   412
  Dodge: Dodged            |    35 |    56 |   110 |   332 |   362 |   623 |   204 ||  1722
  Block: Other             |       |       |       |       |    67 |   118 |       ||   185
         Reflection        |       |       |       |       |     7 |    24 |       ||    31

Table legend:
 A = Non-vault XP
 B = Vault XP
 C = Vault XP percentage of total XP
 D = Non-vault monster count
 E = Vault monster count
 F = Vault count percentage of total count
                 A         B        C        D         E       F
            +---------+---------+-------+---------+---------+-------
      Total |  228812 |  103943 |  31.2 |     733 |     329 |  31.0
            +---------+---------+-------+---------+---------+-------
        D:1 |      26 |       0 |   0.0 |      16 |       0 |   0.0
        D:2 |      63 |      10 |  13.7 |      20 |       5 |  20.0
        D:3 |     194 |       0 |   0.0 |      27 |       0 |   0.0
        D:4 |     395 |      91 |  18.7 |      16 |       1 |   5.9
        D:5 |     640 |       2 |   0.3 |      19 |       1 |   5.0
        D:6 |     632 |       0 |   0.0 |      20 |       0 |   0.0
        D:7 |    1227 |       0 |   0.0 |      17 |       0 |   0.0
        D:8 |    1121 |       0 |   0.0 |      28 |       0 |   0.0
        D:9 |    2326 |    3548 |  60.4 |      18 |      23 |  56.1
       D:10 |    2357 |     818 |  25.8 |      17 |       1 |   5.6
       D:11 |    3706 |    4083 |  52.4 |      13 |      17 |  56.7
       D:12 |    5440 |     292 |   5.1 |      13 |      17 |  56.7
       D:13 |    5404 |    1639 |  23.3 |      12 |       2 |  14.3
       D:14 |    4456 |       0 |   0.0 |      13 |       0 |   0.0
       D:15 |   16822 |    4464 |  21.0 |      35 |       7 |  16.7
     Lair:1 |    1777 |     147 |   7.6 |      12 |       1 |   7.7
     Lair:2 |    6211 |     867 |  12.2 |      28 |       7 |  20.0
     Lair:3 |    9714 |    3960 |  29.0 |      24 |      14 |  36.8
     Lair:4 |    8873 |     925 |   9.4 |      28 |       1 |   3.4
     Lair:5 |    6850 |    8868 |  56.4 |      23 |      52 |  69.3
    Swamp:1 |   11285 |       0 |   0.0 |      28 |       0 |   0.0
    Swamp:2 |   12643 |    9136 |  41.9 |      20 |       8 |  28.6
    Swamp:3 |    8633 |       0 |   0.0 |      17 |       0 |   0.0
    Snake:1 |   19912 |    6905 |  25.7 |      43 |      10 |  18.9
    Snake:2 |   14600 |    5034 |  25.6 |      22 |       8 |  26.7
    Snake:3 |   22549 |       0 |   0.0 |      50 |       0 |   0.0
    Snake:4 |   32149 |   31478 |  49.5 |      61 |      46 |  43.0
      Orc:1 |    3457 |    1545 |  30.9 |      34 |       7 |  17.1
      Orc:2 |     934 |    5394 |  85.2 |      11 |      40 |  78.4
   Vaults:1 |    8740 |    7302 |  45.5 |      14 |      11 |  44.0
    Abyss:2 |   15676 |       0 |   0.0 |      34 |       0 |   0.0
    Ossuary |       0 |     407 | 100.0 |       0 |      37 | 100.0
 Desolation |       0 |    7028 | 100.0 |       0 |      13 | 100.0
            +---------+---------+-------+---------+---------+-------
